Workbook

Sheet Presupuesto oficial
B2: ITEM | C2: CANTIDADES | D2: PRECIO UNITARIO | E2: VALOR TOTAL CON ESTUDIO DE MERCADO
B3: Silla Plastica | C3: 2322 | D3: =+'Estudio de mercado'!F3 -> 42838.228 | E3: =+D3*C3 -> 99470365
B4: Mesa Plástica | C4: 468 | D4: =+'Estudio de mercado'!F4 -> 139251.18 | E4: =+D4*C4 -> 65169554
B5: Carpa 4M X 4M | C5: 117 | D5: =+'Estudio de mercado'!F5 -> 2579149.3 | E5: =+D5*C5 -> 3.0176047e+08
B6: Carpa 6M X 6M | C6: 50 | D6: =+'Estudio de mercado'!F6 -> 4363472.1 | E6: =+D6*C6 -> 2.181736e+08
B7: Cabina de Sonido | C7: 75 | D7: =+'Estudio de mercado'!F7 -> 987513.22 | E7: =+D7*C7 -> 74063491
B8: Greca Percoladora | C8: 13 | D8: =+'Estudio de mercado'!F8 -> 916135.12 | E8: =+D8*C8 -> 11909757
B9: Olla Grande | C9: 13 | D9: =+'Estudio de mercado'!F9 -> 251878.84 | E9: =+D9*C9 -> 3274424.9
B10: Olla Mediana | C10: 13 | D10: =+'Estudio de mercado'!F10 -> 96376.028 | E10: =+D10*C10 -> 1252888.4
B11: Olla Pequeña | C11: 13 | D11: =+'Estudio de mercado'!F11 -> 83586.622 | E11: =+D11*C11 -> 1086626.1
B12: Chocolatera | C12: 13 | D12: =+'Estudio de mercado'!F12 -> 38472.233 | E12: =+D12*C12 -> 500139.03
B13: Sartén Wok | C13: 13 | D13: =+'Estudio de mercado'!F13 -> 130774.47 | E13: =+D13*C13 -> 1700068.1
B14: Cucharon | C14: 13 | D14: =+'Estudio de mercado'!F14 -> 28977.579 | E14: =+D14*C14 -> 376708.52
... B17: Barril Ahumador | C17: 13 | D17: =+'Estudio de mercado'!F17 -> 943674.76 | E17: =+D17*C17 -> 12267772
E18: =SUM(E3:E17) -> 7.9956049e+08
B21: NOTA 1: Los valores unitarios incluyen impuestos de IVA, costos director e indirectos y los descuentos de la entidad del 11,2% por concepto de estampillas e impuestos departamentales.
B22: NOTA 2. Los precios unitarios oficiales son conforme el ANEXO DE ESPECIFICACIONES TÉCNICAS POR ÍTEMS

Sheet Propuesta eco
B2: ITEM | C2: CANTIDADES | D2: PRECIO UNITARIO | E2: VALOR TOTAL CON ESTUDIO DE MERCADO
B3: Silla Plastica | C3: 2322 | E3: =+D3*C3 -> 0
B4: Mesa Plástica | C4: 468 | E4: =+D4*C4 -> 0
B5: Carpa 4M X 4M | C5: 117 | E5: =+D5*C5 -> 0
B6: Carpa 6M X 6M | C6: 50 | E6: =+D6*C6 -> 0
B7: Cabina de Sonido | C7: 75 | E7: =+D7*C7 -> 0
B8: Greca Percoladora | C8: 13 | E8: =+D8*C8 -> 0
B9: Olla Grande | C9: 13 | E9: =+D9*C9 -> 0
B10: Olla Mediana | C10: 13 | E10: =+D10*C10 -> 0
B11: Olla Pequeña | C11: 13 | E11: =+D11*C11 -> 0
B12: Chocolatera | C12: 13 | E12: =+D12*C12 -> 0
B13: Sartén Wok | C13: 13 | E13: =+D13*C13 -> 0
B14: Cucharon | C14: 13 | E14: =+D14*C14 -> 0
... B17: Barril Ahumador | C17: 13 | E17: =+D17*C17 -> 0
E18: =SUM(E3:E17) -> 0
B21: NOTA 1: Los valores unitarios ofertados deben incluir impuestos incluido IVA, costos director e indirectos y los descuentos de la entidad del 11,2% por concepto de estampillas e impuestos departamentales.
B22: NOTA 2. Para la presentación de la oferta económica, el proponente deberá tener en cuenta el ANEXO DE ESPECIFICACIONES TÉCNICAS POR ÍTEMS

Sheet Estudio de mercado
B2: ITEM | C2: VALOR PROMEDIO ESTUDIO DE MERCADO 3 COTIZACIONES | D2: PRECIOS 2025 | E2: PRECIOS 2025 IPC 5.10% | F2: PROMEDIO COTIZACIONES Y PRECIOS 2025 INDEXADOS | I2: PRODUCTOS | J2: VLR UNIDAD | K2: IVA | L2: IVA X UND | M2: VALOR INDEXADO
B3: Silla Plastica | C3: =+'Estudio de mercado Grandes supe'!F3 -> 54803.173 | D3: =+M3 -> 29375.15 | E3: =+D3*1.051 -> 30873.283 | F3: =+AVERAGE(+C3,E3) -> 42838.228 | I3: Sillas plasticas sin brazos | J3: 24685 | K3: 0.19 | L3: =+K3*J3 -> 4690.15 | M3: =+L3+J3 -> 29375.15
B4: Mesa Plástica | C4: =+'Estudio de mercado Grandes supe'!F4 -> 172340.05 | D4: =+M4 -> 101010.77 | E4: =+D4*1.051 -> 106162.32 | F4: =+AVERAGE(+C4,E4) -> 139251.18 | I4: Mesa plastica | J4: 84883 | K4: 0.19 | L4: =+K4*J4 -> 16127.77 | M4: =+L4+J4 -> 101010.77
B5: Carpa 4M X 4M | C5: =+'Estudio de mercado Grandes supe'!F6 -> 3657470.6 | D5: =+M6 -> 1428000 | E5: =+D5*1.051 -> 1500828 | F5: =+AVERAGE(+C5,E5) -> 2579149.3 | I5: Carpa grande | J5: 2500001 | K5: 0.19 | L5: =+K5*J5 -> 475000.19 | M5: =+L5+J5 -> 2975001.2
B6: Carpa 6M X 6M | C6: =+'Estudio de mercado Grandes supe'!F5 -> 5600217.9 | D6: =+M5 -> 2975001.2 | E6: =+D6*1.051 -> 3126726.3 | F6: =+AVERAGE(+C6,E6) -> 4363472.1 | I6: Carpa pequeña | J6: 1200000 | K6: 0.19 | L6: =+K6*J6 -> 228000 | M6: =+L6+J6 -> 1428000
B7: Cabina de Sonido | C7: =+'Estudio de mercado Grandes supe'!F7 -> 1112050.3 | D7: =+M7 -> 821100 | E7: =+D7*1.051 -> 862976.1 | F7: =+AVERAGE(+C7,E7) -> 987513.22 | I7: Cabina de sonido 500w | J7: 690000 | K7: 0.19 | L7: =+K7*J7 -> 131100 | M7: =+L7+J7 -> 821100
B8: Greca Percoladora | C8: =+'Estudio de mercado Grandes supe'!F8 -> 744500.12 | D8: =+M9 -> 1034985.8 | E8: =+D8*1.051 -> 1087770.1 | F8: =+AVERAGE(+C8,E8) -> 916135.12 | I8: Bandeja grande en acero inoxidable 58cmx39 | J8: 36956 | K8: 0.19 | L8: =+K8*J8 -> 7021.64 | M8: =+L8+J8 -> 43977.64
B9: Olla Grande | C9: =+'Estudio de mercado Grandes supe'!F9 -> 363331.45 | D9: =+M10 -> 133612.01 | E9: =+D9*1.051 -> 140426.22 | F9: =+AVERAGE(+C9,E9) -> 251878.84 | I9: Greca percoladora para 55 tazas | J9: 869736 | K9: 0.19 | L9: =+K9*J9 -> 165249.84 | M9: =+L9+J9 -> 1034985.8
B10: Olla Mediana | C10: =+'Estudio de mercado Grandes supe'!F10 -> 135900.69 | D10: =+M11 -> 54092.64 | E10: =+D10*1.051 -> 56851.365 | F10: =+AVERAGE(+C10,E10) -> 96376.028 | I10: Olla grande tipo caldero 40x40 de 60 litros con tapa | J10: 112279 | K10: 0.19 | L10: =+K10*J10 -> 21333.01 | M10: =+L10+J10 -> 133612.01
B11: Olla Pequeña | C11: =+'Estudio de mercado Grandes supe'!F11 -> 137706.99 | D11: =+M12 -> 28036.4 | E11: =+D11*1.051 -> 29466.256 | F11: =+AVERAGE(+C11,E11) -> 83586.622 | I11: Olla mediana tipo caldero 30x40 38 litros | J11: 45456 | K11: 0.19 | L11: =+K11*J11 -> 8636.64 | M11: =+L11+J11 -> 54092.64
B12: Chocolatera | C12: =+'Estudio de mercado Grandes supe'!F12 -> 47648.304 | D12: =+M13 -> 27874.56 | E12: =+D12*1.051 -> 29296.163 | F12: =+AVERAGE(+C12,E12) -> 38472.233 | I12: Olla pequeña caldero alta en aluminio 10 litros | J12: 23560 | K12: 0.19 | L12: =+K12*J12 -> 4476.4 | M12: =+L12+J12 -> 28036.4
B13: Sartén Wok | C13: =+'Estudio de mercado Grandes supe'!F13 -> 154084.66 | D13: =+M14 -> 102249.56 | E13: =+D13*1.051 -> 107464.29 | F13: =+AVERAGE(+C13,E13) -> 130774.47 | I13: chocolatera olleta de aluminio 8 litros | J13: 23424 | K13: 0.19 | L13: =+K13*J13 -> 4450.56 | M13: =+L13+J13 -> 27874.56
B14: Cucharon | C14: =+'Estudio de mercado Grandes supe'!F14 -> 13366.808 | D14: =+M15 -> 42424.69 | E14: =+D14*1.051 -> 44588.349 | F14: =+AVERAGE(+C14,E14) -> 28977.579 | I14: Sartén wook antiadherente de 40 cm | J14: 85924 | K14: 0.19 | L14: =+K14*J14 -> 16325.56 | M14: =+L14+J14 -> 102249.56
B15: Bandeja | C15: =+'Estudio de mercado Grandes supe'!F17 -> 60134.723 | D15: =+M8 -> 43977.64 | E15: =+D15*1.051 -> 46220.5 | F15: =+AVERAGE(+C15,E15) -> 53177.611 | I15: Cucharon industrial de aluminio fundido y madera 55cm de largo | J15: 35651 | K15: 0.19 | L15: =+K15*J15 -> 6773.69 | M15: =+L15+J15 -> 42424.69
B16: Nevera Portátil | C16: =+'Estudio de mercado Grandes supe'!F16 -> 392159.65 | E16: =+D16*1.051 -> 0 | F16: =+AVERAGE(+C16) -> 392159.65 | I16: Barril | J16: 750000 | K16: 0.19 | L16: =+K16*J16 -> 142500 | M16: =+L16+J16 -> 892500
B17: Barril Ahumador | C17: =+'Estudio de mercado Grandes supe'!F15 -> 949332.02 | D17: =+M16 -> 892500 | E17: =+D17*1.051 -> 938017.5 | F17: =+AVERAGE(+C17,E17) -> 943674.76

Sheet Estudio de mercado Grandes supe
E1: 0.1102
B2: ELEMENTO | C2: CARACTERISTICAS | D2: VALOR MERCADO | E2: TRIBUTOS DEPARTAMENTALES | F2: VALOR TOTAL CON TRIBUTOS DEPARTAMENTALES | G2: LINK REFERENCIA 1 | H2: LINK REFERENCIA 2 | I2: LINK REFERENCIA 3 | J2: VALOR 1 | K2: VALOR 2 | L2: VALOR 3
B3: Sillas plásticas | C3: Silla sin brazos, liviana y resistente, con medidas de 47 cm de largo, 52 cm de ancho y 88.5 cm de alto. resistencia mínima de 95 kg Su espaldar cuenta con un diseño de huequitos que mantiene fresca la espalda, asiento amplio y cómodo, y es fácil de apilar. | D3: =AVERAGE(J3:L3) -> 49363.333 | E3: =D3*$E$1 -> 5439.8393 | F3: =D3+E3 -> 54803.173 | G3: https://www.homecenter.com.co/homecenter-co/product/596873/silla-sin-brazos-samba-blanco-eco-rimax/596873/ | H3: https://vanyplas.com/producto/silla-nogal/ | I3: https://www.easy.com.co/silla-nogal-sbrazos--blanco-vanyplas/p | J3: 44900 | K3: 51200 | L3: 51990
B4: Mesas plásticas | C4: Mesa cuadrada con patas rectas, de 4 puestos, desarmable. Medidas: Largo 74,50 cm, Ancho 74,50 cm, Alto 71,00 cm. | D4: =AVERAGE(J4:L4) -> 155233.33 | E4: =D4*$E$1 -> 17106.713 | F4: =D4+E4 -> 172340.05 | G4: https://vanyplas.com/producto/mesa-75-x-75-cm/ | H4: https://www.homecenter.com.co/homecenter-co/product/373355/mesa-cuadrada-plastica-blanco-75x75-cm/31318/ | I4: https://www.easy.com.co/mesa-plast-cuadrada-75x75--bco/p?srsltid=AfmBOoo0Y2BqpE2XgHx1YuiozjU_LN1HbvdMC-iUyWycHkqfGa0RS9by | J4: 164900 | K4: 135900 | L4: 164900
B5: Carpa Grande 6m X 6m | C5: CARPA (LONA PLASTIFICADA VERANO): Confeccionada en lona 100% impermeable, PVC por ambas caras, de 400 gramos/mt². Resistente a la acción de los rayos solares y a todo tipo de intemperie. Cuenta con protección biocida anti-hongos, alta adherencia (sellada) y es retardante al fuego. Sus uniones y terminales están termoselladas para garantizar mayor durabilidad, además de estar cocida en los bordes con máquina de triple transporte. La lona se entrega en color a elección. ESTRUCTURA DESARMABLE 6x6: Fabricada completamente en tubo cold rolled cuadrado de 2 ½” calibre 18 para cerchas, y parales de 1 ½” calibre 16 para las patas. Toda la estructura está pintada con recubrimiento electrostático para mayor resistencia. CARACTERÍSTICAS ADICIONALES: Carpa tipo kiosco de 6m x 6m, con techo y laterales. Incluye tres laterales de 2m x 6m cada uno. Techo con cuatro (4) logos, según especificaciones solicitadas. | D5: =AVERAGE(J5:L5) -> 5044332.5 | E5: =D5*$E$1 -> 555885.44 | F5: =D5+E5 -> 5600217.9 | H5: https://drive.google.com/drive/folders/1Zcch0_hBVeTeYNynXn5BwXvfMc-MWwWe | I5: https://drive.google.com/drive/folders/1Zcch0_hBVeTeYNynXn5BwXvfMc-MWwWe | K5: 3480000 | L5: 6608665
B6: Carpa Pequeña 4m X 4m | C6: CARPA: (LONA PLASTIFICADA VERANO) Confeccionada en lona 100% impermeable, PVC por ambas caras, 400 gramos /mt2; resistente a la acción de rayos solares y a todo tipo de intemperie, protección biocida anti –hongos, con alta adherencia (sellada) y retardante al fuego, termosellada en sus uniones y terminales para mayor durabilidad, cocida en sus bordes con máquina triple transporte, y lona en color a elección. ESTRUCTURA DESARMABLE EN MEDIDAS 4*4:Fabricada completamente en tubo cold rolled cuadrado de 2 ½” calibre 18 para cerchas, y parales de 1 ½” calibre 16 para las patas. Toda la estructura está pintada con recubrimiento electrostático para mayor resistencia. Carpa con 3 laterales en dimensiones de 2x4 cada uno, con (4) logos en el techo, según especificaciones CARACTERÍSTICAS ADICIONALES: Carpa tipo kiosco de 4m x 4m, con techo y laterales. Incluye tres laterales de 2m x 3m cada uno. Techo con cuatro (4) logos, según especificaciones solicitadas. | D6: =AVERAGE(J6:L6) -> 3294425 | E6: =D6*$E$1 -> 363045.64 | F6: =D6+E6 -> 3657470.6 | G6: https://drive.google.com/drive/folders/1Zcch0_hBVeTeYNynXn5BwXvfMc-MWwWe | H6: https://drive.google.com/drive/folders/1Zcch0_hBVeTeYNynXn5BwXvfMc-MWwWe | I6: https://drive.google.com/drive/folders/1Zcch0_hBVeTeYNynXn5BwXvfMc-MWwWe | J6: 3775275 | K6: 2300000 | L6: 3808000
B7: Cabina de Sonido | C7: Cabina activa de rango completo diseñada para aplicaciones de refuerzo sonoro profesional. Incorpora un sistema biamplificado de 400 W RMS, compuesto por un woofer de 12 pulgadas y un driver de compresión de 1.7 pulgadas que proporcionan una adecuada reproducción de frecuencias bajas, medias y altas. Su construcción en ABS de alta resistencia facilita el transporte y brinda durabilidad para uso continuo en interiores y exteriores. Cuenta con ecualización de dos bandas, entradas y salidas XLR balanceadas, además de selector de micrófono/línea e indicador de saturación para un mejor control de operación Tipo de equipo: Cabina activa de dos vías. Parlante de graves: Woofer de 12 pulgadas. Driver de agudos: 1.7 pulgadas. Potencia: 400 W RMS biamplificados (300 W para bajos y 100 W para agudos). Tipo de amplificación: Clase H + Clase AB. Respuesta en frecuencia: 50 Hz – 18 kHz (±3 dB). Nivel máximo de presión sonora (SPL): 124 dB. Entradas: 1 entrada XLR balanceada. Salidas: 1 salida XLR. Ecualización: Ecualizador de 2 bandas (graves y agudos). Funciones adicionales: Indicador LED de clip y selector de nivel Línea/Micrófono. Material del gabinete: ABS de alta resistencia. Alimentación eléctrica: 110 V / 220 V, 50/60 Hz. Dimensiones: 41,5 cm × 39,1 cm × 60,0 cm. Peso: 23 kg. Accesorios incluidos: Cable de alimentación, manual de usuario y bases para uso como monitor de piso. | D7: =AVERAGE(J7:L7) -> 1001666.7 | E7: =D7*$E$1 -> 110383.67 | F7: =D7+E7 -> 1112050.3 | G7: https://superaudio.com.co/producto/parlante-portatil-recargable-pro-dj-p1go-bm-120w/ | H7: https://prosoundaltacalidad.com.co/inicio/3915-cabina-activa-pro-dj-p1-go-sistema-de-audio-pro-dj-.html | I7: https://elmundodelmicrofono.com/product/parante-recargable-pro-dj-p1-go/ | J7: 990000 | K7: 965000 | L7: 1050000
B8: GRECA | C8: Percoladora eléctrica tipo goteo para preparación de café, fabricada en acero inoxidable con acabado metálico y negro, diseñada para una capacidad de 5 litros y producción aproximada de hasta 90 tazas o 15 litros de café por hora. Cuenta con dispensador manual de bebida, medidor de nivel de agua y filtro permanente en malla de acero inoxidable, eliminando la necesidad de utilizar filtros desechables. Opera con voltaje de 110V, frecuencia de 60 Hz y consumo energético de 0,95 kW, ofreciendo eficiencia y ahorro energético. Incorpora sistema de apertura y cierre fácil, botón de encendido y apagado intuitivo, seguridad de ebullición y diseño desmontable que facilita la limpieza y el mantenimiento. Fabricada 100% en acero inoxidable para mayor resistencia y durabilidad, es ideal para cocinas, buffets, cafeterías, estaciones de servicio y espacios de alta demanda. Dimensiones: Alto: 440 mm (44 cm) Diámetro: 240 mm (24 cm) Especificaciones adicionales: Tipo: cafetera de goteo Material: acero inoxidable Capacidad del tanque: 5 litros Producción aproximada: hasta 15 litros por hora Potencia nominal: 950 W Voltaje: 110V Frecuencia: 60 Hz Filtro permanente reutilizable en acero inoxidable. | D8: =AVERAGE(J8:L8) -> 670600 | E8: =D8*$E$1 -> 73900.12 | F8: =D8+E8 -> 744500.12 | G8: MAQUINA PERCOLADORA DE CAFÉ - Fuller Machinery | H8: https://casadelalicuadoraindustrial.com.co/producto/maquina-percoladora-de-cafe-5-litros/ | I8: https://www.homecenter.com.co/homecenter-co/product/456355/maquina-de-cafe-percoladora-40-tazas/456355/ | J8: 559900 | K8: 780000 | L8: 671900
B9: OLLA GRANDE | C9: Olla caldero 100 litros con orejas y tapa aluminio de alta pureza. Características: Litros: 100 Altura: 50 cm Diámetro: 50 cm Material: Aluminio Calibre 2.2 mm: | D9: =AVERAGE(J9:L9) -> 327266.67 | E9: =D9*$E$1 -> 36064.787 | F9: =D9+E9 -> 363331.45 | G9: https://aluminiosalfusa.com/producto/olla-caldero-50-x-50-100-litros/ | H9: https://www.mavihogar.com/product-page/olla-grande-aluminio-extra-fuerte-tamalera-50-x-60-142-litros | I9: https://facihogar.com.co/producto/olla-caldero-en-aluminio-98-litros-50x50/ | J9: 233000 | K9: 493900 | L9: 254900
B10: OLLA MEDIANA | C10: Olla caldero 38 litros con orejas y tapa, en aluminio de alta pureza.. Características: Litros: 38 Altura: 30 cm Diámetro: 40 cm Material: Aluminio Calibre 2.2 mm: | D10: =AVERAGE(J10:L10) -> 122411 | E10: =D10*$E$1 -> 13489.692 | F10: =D10+E10 -> 135900.69 | G10: https://aluminiosalfusa.com/producto/olla-caldero-30-x-40-38-litros/ | H10: https://facihogar.com.co/producto/olla-caldero-en-aluminio-37-litros-40x30/ | I10: https://www.mercadolibre.com.co/olla-tipo-caldero-de-38-litros/up/MCOU2426491489 | J10: 110733 | K10: 120500 | L10: 136000
B11: OLLA PEQUEÑA | C11: Capacidad: 10 litros Número de referencia: No. 30 Material: Aluminio de alta calidad Acabado: Pulido Tipo: Caldero tradicional Características adicionales: Fácil de limpiar, resistente al uso diario, distribución uniforme del calor Apta para: Cocinas domésticas y de mediana capacidad | D11: =AVERAGE(J11:L11) -> 124038 | E11: =D11*$E$1 -> 13668.988 | F11: =D11+E11 -> 137706.99 | G11: https://www.exito.com/olla-recortada-10-litros-57700-plateado-100063595-mp/p | H11: https://www.mercadolibre.com.co/olla-recortada-10l-imusa-57700-plateado/up/MCOU2432199726 | I11: https://cristalerialapaz.co/producto/olla-al-rt-28cm-10l-recortada-ref-577-imusa/ | J11: 136910 | K11: 134204 | L11: 101000
B12: Chocolatera | C12: Chocolatera de 5 Litros fabricada en aluminio repujado pulido, capacidad de 5 litros, dimensiones son de 20.5 cm de alto y 16.7 cm de diámetro, | D12: =AVERAGE(J12:L12) -> 42918.667 | E12: =D12*$E$1 -> 4729.6371 | F12: =D12+E12 -> 47648.304 | G12: https://aluminiosalfusa.com/producto/chocolatera-5-litros-en-aluminio-repujado-pulido/ | H12: https://www.homecenter.com.co/homecenter-co/product/685773/chocolatera-recortada-8-de-5lt/685773/ | I12: https://www.alcarrito.com/chocolatera-recortada-5-litros.html?srsltid=AfmBOor_E3zETdBEAklHJ1ljTRba_HxkwIcbg_vAfRCzEQx1_cYGJIVD | J12: 25856 | K12: 54900 | L12: 48000
B13: Sarten Wok | C13: Wok Anodizado de 30cm elaborado con aluminio anodizado duro, mango de acero inoxidable que proporciona un agarre seguro y un revestimiento antiadherente en el interior para una cocción uniforme y fácil limpieza. capacidad de 5.6 litros y una notable resistencia a la abrasión de 23,000 ciclos, este wok garantiza un rendimiento óptimo incluso en usos exigentes. Sus medidas son 52.5 x 30.5 x 10 cm y es compatible con hornos convencionales, aunque no es apto para cocinas de inducción ni microondas. | D13: =AVERAGE(J13:L13) -> 138790 | E13: =D13*$E$1 -> 15294.658 | F13: =D13+E13 -> 154084.66 | G13: https://www.hogaruniversal.com/wok-anodizado-30cm/p | H13: https://www.almacenesla13.com/products/wok-anonizado-profesional-30-cm-universal?srsltid=AfmBOooNBkhPNGXFXqSAFdVPj2aZbihUwI9SfoZ6lInRkAbfJsvYkkJG | I13: https://almacenmau.com/producto/wok-universal-30-cm-anodizado/ | J13: 149900 | K13: 150470 | L13: 116000
B14: Cucharón | C14: cucharon cabo de madera largo: 41cm ancho: 10 cm Tipo: Accesorio para asar / cocina de gran volumen Garantía: 6 meses Observaciones: Producto sujeto a normativas internacionales (Resolución 1440 de 2021) " | D14: =AVERAGE(J14:L14) -> 12040 | E14: =D14*$E$1 -> 1326.808 | F14: =D14+E14 -> 13366.808 | G14: https://aluminiosalfusa.com/producto/cucharon-10-madera/ | H14: https://www.hogaruniversal.com/cucharon-experta-madera/p?srsltid=AfmBOorC42XeE6fOwNUcRipxsE4EOjhLKZconoEwWC1OPRDxGqUzJoGs | I14: https://www.mercadolibre.com.co/cucharon-8-mango-de-madera-aluminio-fundido/up/MCOU2437138058#polycard_client=recommendations_vpp-v2p-pom&reco_backend=recomm-platform_v2p-model&reco_model=coldstart_low_exposition&reco_client=vpp-v2p-pom&reco_item_pos=0&reco_backend_type=low_level&reco_id=15d27332-df97-4219-8b66-3287dbbf1ca7&wid=MCO894316270&sid=recos | J14: 8630 | K14: 11340 | L14: 16150
B15: Barril Ahumador | C15: Barril Ahumador fabricado con lámina de acero inoxidable 304 calibre 18 en su cilindro, la tapa y el fondo son de acero 430. Incorpora maniguetas de poliuretano reciclado y está diseñado para ser resistente a altas temperaturas y a la intemperie. Sus dimensiones son de 85 cm de alto (desde el piso hasta la manigueta de la tapa) y 55 cm de diámetro, ofreciendo una capacidad aproximada para 55 lbs de alimento o para servir a unas 60 personas. El producto se empaca en una caja de 57 x 57 x 88 cm con un peso aproximado de 25 kg. Incluye :Termómetro Destapador de botellas incorporado 25 Ganchos para colgar la carne. 2 Garfios para sacar la carne sin quemarse. Bolsa de tela para guardar ganchos y garfios. Parrilla abatible en acero inoxidable Hornilla para el carbón. Regulador de temperatura integrado en la tapa. Gancho para colgar la tapa Caja de cartón para guardar/transportar el barril. Sistema de enganche (cilindro y base) y compuerta para mejor ventilación y llenado de carbonera. | D15: =AVERAGE(J15:L15) -> 855100 | E15: =D15*$E$1 -> 94232.02 | F15: =D15+E15 -> 949332.02 | G15: https://thesmokerbarrel.com/producto/barril-mamut-en-acero-inoxidable/ | H15: https://www.falabella.com.co/falabella-co/product/152077750/barril-grande-de-60-libras-humo-barriles-humo-barriles/152077751?kid=shopp254fa&gclsrc=aw.ds&gad_source=1&gad_campaignid=21634415508&gbraid=0AAAAADtuoySIGBYD-TEpbthJ5aY_pBKWB&gclid=CjwKCAjwidXQBhAZEiwA4egw6Ezsu_wvGhCXdvlzTgHXfPysqbPXXT1_n5z0fgz7nD8yqXlq7PRDAxoCozwQAvD_BwE | I15: https://www.humobarriles.com/products/barril-jumbo-de-60lb?variant=52673778680087&country=CO&currency=COP&utm_medium=product_sync&utm_source=google&utm_content=sag_organic&utm_campaign=sag_organic&gad_source=1&gad_campaignid=23012956937&gbraid=0AAAAAppdFlS4vzuSyRgXBy0Bl9aCqwiUi&gclid=CjwKCAjwidXQBhAZEiwA4egw6MplcigI8BnEpfbViosrljuhEjWWch8ENqP8jlcnwB8CL5BZYHLP1RoCezkQAvD_BwE | J15: 899000 | K15: 739900 | L15: 926400
B16: Nevera Portatil | C16: Nevera portátil tipo cooler está fabricada en polipropileno de alta resistencia, ideal para conservación térmica de alimentos y bebidas. Cuenta con una capacidad volumétrica de 50 litros, equipado con manilas para facilitar su transporte. Sus dimensiones son: Ancho: 38.5 cm Alto: 57 cm Largo: 36.5 cm Garantía: 1 año por defectos de fabricación. | D16: =AVERAGE(J16:L16) -> 353233.33 | E16: =D16*$E$1 -> 38926.313 | F16: =D16+E16 -> 392159.65 | G16: https://www.homecenter.com.co/homecenter-co/product/337585/nevera-50-litros-classic/337585/?kid=dis_adi_1435635&gad_source=1&gad_campaignid=23611073922&gbraid=0AAAAADt6wnq3KrQYOjLCVjPv3CQ-khzev&gclid=Cj0KCQjwz9_QBhD_ARIsADnSCfD3xeHxxFx4w2qNa8eLxNnVnnHdD4g0fz64i9vfsOvpbNkChWIDrGgaAgs5EALw_wcB | H16: https://homecenter.falabella.com.co/homecenter-co/product/118667296/nevera-50-litros-classic/118667297 | I16: https://homecenter.falabella.com.co/homecenter-co/product/118646144/Nevera-52-Litros-Wheeled/118646146?exp=homecenter | J16: 349900 | K16: 349900 | L16: 359900
B17: Bandejas | C17: Bandeja fabricada en aluminio 100%. Liviana, esquinas redondeadas para fácil limpieza, Dimensiones: 60 X 40 cm. (0.9 mm de espesor) | D17: =AVERAGE(J17:L17) -> 54165.667 | E17: =D17*$E$1 -> 5969.0565 | F17: =D17+E17 -> 60134.723 | G17: https://tienda.pallomaro.com/bandejas-1007-8021/bandeja--aluminio-60x40x28cm-r685?srsltid=AfmBOoomi4oRiCE3pN6ry-ZMqgBqMVcnMIAewGpzMx7yjXtrq0697jrj | H17: https://www.joserrago.com.co/producto/bandeja-lata-de-panaderia-m-lp60x40/ | I17: https://aluminiosalfusa.com/producto/bandeja-para-panaderia-60x40-troquelada/ | J17: 36652 | K17: 80000 | L17: 45845
